 Dungeon Crawl Stone Soup version 0.30-a0-883-g5ad918d77d (webtiles) character file.

Game seed: 18405335852586415967

781 cforsyth the Ogre Mage (level 7, -1/78 HPs)
             Began as an Ogre Fire Elementalist on Mar 15, 2023.
             Succumbed to a scorpion's poison
             ... on level 5 of the Dungeon.
             The game lasted 00:10:16 (5532 turns).

cforsyth the Ogre Mage (Ogre Fire Elementalist)     Turns: 5532, Time: 00:10:16

Health: -1/78      AC:  3    Str: 19    XL:     7   Next: 85%
Magic:  2/17       EV: 11    Int: 18    God:
Gold:   171        SH:  0    Dex:  9    Spells: 17/20 levels left

rFire   . . .      SeeInvis .    x - +0 spear (heavy)
rCold   . . .      Faith    .    (no shield)
rNeg    . . .      Spirit   .    a - +0 robe
rPois   .          Reflect  .    (helmet restricted)
rElec   .          Rampage  .    (no cloak)
rCorr   .                        (gloves unavailable)
Will    .....                    (boots unavailable)
Stlth   ++                       (no amulet)
HPRegen 0.33/turn                e - +6 ring of strength
MPRegen 0.15/turn                (no ring)

@: mighty, lethally poisoned (-1 -> -7)
A: large, unfitting armour, tough skin 1
a: no special abilities


You were on level 5 of the Dungeon.
You visited 1 branch of the dungeon, and saw 5 of its levels.

You collected 171 gold pieces.

Inventory:

Hand Weapons
 x - a +0 heavy spear (weapon)
Missiles
 c - a throwing net
Armour
 a - a +0 robe (worn)
Jewellery
 e - a +6 ring of strength (left hand)
 o - an amulet of guardian spirit
 r - an amulet of reflection
 t - a ring of resist corrosion
Scrolls
 d - 7 scrolls of identify
 g - 2 scrolls of blinking
 h - a scroll of poison
 i - 2 scrolls of fear {unknown}
 j - 2 scrolls of noise {unknown}
 p - a scroll of amnesia {unknown}
 q - 2 scrolls of teleportation {unknown}
 s - a scroll of brand weapon {unknown}
 u - a scroll of immolation {unknown}
 y - a scroll of butterflies {unknown}
 A - a scroll of vulnerability {unknown}
Potions
 b - a potion of magic
 f - a potion of curing {unknown}
 l - a potion of brilliance
 n - a potion of mutation
 w - a potion of heal wounds {unknown}
 z - a potion of flight {unknown}
 B - a potion of degeneration {unknown}


   Skills:
 - Level 7.0 Fighting
 + Level 6.0 Dodging
 + Level 2.8 Stealth
 + Level 7.3 Spellcasting
 + Level 5.7 Conjurations
 + Level 6.4 Fire Magic


You had 17 spell levels left.
You knew the following spells:

 Your Spells              Type           Power      Damage    Failure   Level
a - Foxfire               Conj/Fire      100%       2x1d9     1%          1
b - Scorch                Fire           58%        2d7       1%          2

Your spell library contained the following spells:

 Spells                   Type           Power      Damage    Failure   Level
 Inner Flame              Hex/Fire       18%        N/A       9%          3
 Flame Wave               Conj/Fire      28%        2d9       9%          4
 Kindle Blastsparks       Fire/Tloc/Air  28%        2d12      13%         3
 Gell's Gravitas          Tloc           6%         N/A       32%         3
 Teleport Other           Tloc           6%         N/A       32%         3
 Dispersal                Tloc           3%         N/A       100%        6


Dungeon Overview and Level Annotations

Branches:
Dungeon (5/15)
 Temple: D:4-7

Altars:
Ashenzari
Cheibriados
Elyvilon
Makhleb
Qazlal
Uskayaw
Xom


Innate Abilities, Weirdness & Mutations

You are too large for most types of armour.
You have tough skin. (AC +1)


Message History

Confirm with . or Enter, or press ? or * to list all spells.
Flames lash the scorpion.
The scorpion is burned terribly!
The scorpion is severely wounded.
* * * LOW HITPOINT WARNING * * *
You feel very sick. The scorpion stings you.
* * * LOW HITPOINT WARNING * * *
Casting: Scorch (safe; 4% risk of failure)
Confirm with . or Enter, or press ? or * to list all spells.
You don't have enough magic to cast this spell.
Unknown command.
It was a potion of experience.
You feel more experienced!
Your Fighting skill gained 7 levels and is now at level 7!
Your Dodging skill gained 3 levels and is now at level 6!
Your Spellcasting skill gained 3 levels and is now at level 7!
Your Conjurations skill gained 3 levels and is now at level 5!
Your Fire Magic skill gained 3 levels and is now at level 6!
You have reached level 7!
* * * LOW HITPOINT WARNING * * *
You feel very sick.
The scorpion stings you but does no damage.
Unknown command.
Unknown command.
It was a potion of brilliance.
You feel clever all of a sudden.
* * * LOW HITPOINT WARNING * * *
You feel very sick. The scorpion barely misses you. The scorpion stings you.
* * * LOW HITPOINT WARNING * * *
It was a potion of cancellation.
Your magical effects are unravelling.
You feel magically purged.
You feel a little less clever now.
* * * LOW HITPOINT WARNING * * *
You feel sick.
The scorpion stings you but does no damage.
It was a potion of might.
You feel very mighty all of a sudden.
You die...

##.#.######.###
##...........#
##.######.#.## # #.#
#....### #...####.#.
....... ..o......#.#
#....#
............###.#.#
...s.#...ยง#osWs...#
#... #.##...###@.##
##. #. ##.## #..# #
#. #.# #..# #. #.#
#..# #. #..# ....
#..# #..#


You could see a phantom, 2 scorpions and an orc.

Vanquished Creatures
  Menkaure (D:4)
  A scorpion (D:4)
  2 jellies (D:4)
  An iguana (D:3)
  A gnoll (D:3)
  4 adders
  A worm (D:2)
  A dart slug (D:2)
  12 orcs
  6 ball pythons
  5 endoplasms
  A giant cockroach (D:2)
  6 hobgoblins
  2 jackals (D:1)
  3 kobolds
  4 quokkas
  3 bats (D:2)
  3 frilled lizards (D:1)
  13 goblins
  4 rats
74 creatures vanquished.

Vanquished Creatures (others)
  328 foxfires
328 creatures vanquished.

Grand Total: 402 creatures vanquished

Notes
Turn   | Place    | Note
-------+----------+-------------------------------------------
     0 | D:1      | cforsyth the Ogre Fire Elementalist began the quest for the
                  | Orb.
     0 | D:1      | Reached XP level 1. HP: 16/16 MP: 3/3
   109 | D:1      | Reached skill level 1 in Conjurations
   277 | D:1      | Reached XP level 2. HP: 2/24 MP: 0/5
   294 | D:1      | HP: 1/24 [endoplasm (3)]
   989 | D:1      | Learned a level 2 spell: Scorch
  1212 | D:2      | Reached XP level 3. HP: 31/31 MP: 4/7
  1777 | D:2      | Reached XP level 4. HP: 39/39 MP: 5/8
  1839 | D:2      | Found a faded altar of an unknown god.
  3475 | D:3      | Reached XP level 5. HP: 45/45 MP: 1/9
  4584 | D:4      | Reached XP level 6. HP: 53/53 MP: 8/11
  4750 | D:4      | Found a burning altar of Makhleb.
  4782 | D:4      | Found a white marble altar of Elyvilon.
  4787 | D:4      | Noticed Menkaure
  4792 | D:4      | Killed Menkaure
  4862 | D:4      | Found a broken altar of Ashenzari.
  4865 | D:4      | Found a hide-covered altar of Uskayaw.
  4866 | D:4      | Found a shimmering altar of Xom.
  4866 | D:4      | Found a stormy altar of Qazlal.
  4868 | D:4      | Found a snail-covered altar of Cheibriados.
  5489 | D:5      | Entered Level 5 of the Dungeon
  5529 | D:5      | Reached skill level 5 in Conjurations
  5529 | D:5      | Reached XP level 7. HP: 14/78 MP: 1/17
  5530 | D:5      | HP: 2/78 [scorpion (5)]
  5532 | D:5      | Succumbed to a scorpion's poison

Illustrated notes

Levels and vault maps discovered:
D:1:      giann_wishing_wells, layout_basic
D:2:      layout_loops_ring, hellmonk_ecumenical_altar_defaced_shrine
D:3:      layout_loops_ring, minivault_19, kennysheep_generic_room_5
D:4:      minmay_recursive_quarters, layout_loops_corners, bloody_makhleb,
          grunt_temple_overflow_open, minivault_25, uniq_menkaure
D:5:      layout_loops_ring, serial_shops, nicolae_stop_n_shop_2,
          gammafunk_ghost_nasty_kobolds

Skill      XL: |  1  2  3  4  5  6 |
---------------+-------------------+-----
Conjurations   | 1 2 5 |  5.7
Dodging        | 2 6 |  6.0
Fire Magic     | 3 6 |  6.4
Spellcasting   | 3 7 |  7.3
Stealth        | 2 |  2.8
Fighting       | 7 |  7.0

Action                     |  1- 3 |  4- 6 |  7- 9 || total
---------------------------+-------+-------+-------++-------
  Melee: Unarmed           |     9 |     2 |       ||    11
         Spear             |       |     2 |       ||     2
   Cast: Foxfire           |    71 |   126 |       ||   197
         Scorch            |     1 |     6 |       ||     7
    Use: Scroll            |       |     3 |       ||     3
         Potion            |       |     1 |     3 ||     4
   Stab: Sleeping          |     1 |       |       ||     1
 Armour: Robe              |     9 |     5 |     2 ||    16
  Dodge: Dodged            |    19 |    25 |     1 ||    45

Table legend: (Time is in decaauts)
 A = Elapsed time spent in this place.
 B = Non-inter-level travel time spent in this place.
 C = Inter-level travel time spent in this place.
 D = Time resting spent in this place.
 E = Time spent auto-exploring this place.
 F = Levels seen in this place.
 G = Mean time per level.
                   A        B        C        D        E       F      G
               +--------+--------+--------+--------+--------+-----+--------+
         Total |   5540 |   5212 |    328 |    779 |   3727 |   5 | 1108.0 |
       Dungeon |   5540 |   5212 |    328 |    779 |   3727 |   5 | 1108.0 |
               +--------+--------+--------+--------+--------+-----+--------+

Top non-repeatable levels by time:
     D:2: 1491 daAuts
     D:3: 1457 daAuts
     D:4: 1443 daAuts
     D:1: 1106 daAuts
     D:5: 43 daAuts
